 Dungeon Crawl Stone Soup version 0.21-a0-417-g0adc95b (webtiles) character file.

18 Chiseanne the Sneak (level 2, -3/14 HPs)
             Began as a Spriggan Assassin on Nov 3, 2017.
             Slain by an orc priest
             ... wielding a +0 whip
              (6 damage)
             ... on level 2 of the Dungeon.
             The game lasted 00:02:20 (429 turns).

Chiseanne the Sneak (Spriggan Assassin)              Turns: 429, Time: 00:02:21

Health: -3/14      AC:  3    Str:  7    XL:     2   Next: 51%
Magic:  3/3        EV: 18    Int: 12    God:
Gold:   19         SH:  0    Dex: 17    Spells: 1/1 levels left

rFire    . . .     SeeInvis +   a - +2 dagger
rCold    . . .     Gourm    .   (shield restricted)
rNeg     . . .     Faith    .   c - +0 robe
rPois    .         Spirit   .   (helmet restricted)
rElec    .         Reflect  .   d - +0 cloak
rCorr    .         Harm     .   (gloves unavailable)
MR       .....                  (boots unavailable)
Stlth    +++.......             (no amulet)
HPRegen  0.04/turn              (no ring)
MPRegen  0.08/turn              (no ring)

@: very quick
A: unfitting armour, see invisible, herbivore 3, speed 3, slow metabolism 2
a: no special abilities


You were on level 2 of the Dungeon.
You were not hungry.

You visited 1 branch of the dungeon, and saw 2 of its levels.

You collected 19 gold pieces.

Inventory:

Hand Weapons
 a - a +2 dagger (weapon)
 b - a +0 blowgun
Missiles
 e - 8 poisoned needles
 f - 2 curare-tipped needles
 k - 14 bolts
 l - a stone (quivered)
Armour
 c - a +0 robe (worn)
 d - a +0 cloak (worn)
Scrolls
 j - 2 scrolls of enchant weapon
Comestibles
 g - a bread ration


   Skills:
 - Level 1.6 Fighting
 + Level 2.5 Short Blades
 - Level 2.0 Throwing
 * Level 2.6 Dodging
 * Level 6.3 Stealth


You had one spell level left.
You didn't know any spells.

Dungeon Overview and Level Annotations

Branches:
Dungeon (1/15)

Altars:
Yredelemnul


Innate Abilities, Weirdness & Mutations

You are very small and have problems with some larger weapons.
You are too small for most types of armour.
You have supernaturally acute eyesight. (SInv)
You are a herbivore.
You cover ground extremely quickly.
You need consume almost no food.


Message History

It is a scroll of amnesia.
You feel forgetful for a moment.
As you read the scroll labeled HOIHUI JEHEQU, it crumbles to dust.
It is a scroll of identify.
j - 2 scrolls of enchant weapon The bat hits you but does no damage.
The bat barely misses you. The bat misses you. x2
The orc priest shouts!
You hear a shout!
You closely miss the goblin. The bat hits you but does no damage.
The goblin misses you.
The orc warrior hits the withered plant with a scimitar.
The orc hits the withered plant but does no damage.
The orc priest invokes the aid of Beogh against you.
Beogh smites you!
Ouch! That really hurt!
* * * LOW HITPOINT WARNING * * *
You hit the goblin but do no damage. The bat misses you.
The goblin hits you but does no damage. The orc priest hits you with a whip.
You die...

#######
#.....#######
#...P@g.....g
#.oP..o######
#.PoPb.#
#.o.o.....
#.........
#.%.(......
#..)...([..
#?#......>..


You could see an orc warrior, an orc priest, an orc wizard, 2 orcs, a hobgoblin,
a goblin and a bat.

Vanquished Creatures
  A leopard gecko (D:1)
  A bat (D:1)
  2 goblins (D:1)
  6 jackals (D:1)
  A frilled lizard (D:1)
  A kobold (D:1)
  4 rats (D:1)
16 creatures vanquished.

Notes
Turn   | Place    | Note
-------+----------+-------------------------------------------
     0 | D:1      | Chiseanne the Spriggan Assassin began the quest for the Orb.
     0 | D:1      | Reached XP level 1. HP: 10/10 MP: 2/2
    73 | D:1      | Reached skill level 6 in Stealth
   129 | D:1      | Reached XP level 2. HP: 14/14 MP: 3/3
   422 | D:1      | You fall through a shaft!
   422 | D:2      | Found a basalt altar of Yredelemnul.
   422 | D:2      | Noticed an orc warrior
   429 | D:2      | Slain by an orc priest

Vault maps used:
D:1:      dpeg_arrival_renting
D:2:      yredelemnul_altar_generic, uniq_terence

Skill      XL: |  1 |
---------------+----+-----
Dodging        | 2 |  2.6
Stealth        | 6 |  6.3
Fighting       | |  1.6
Short Blades   | |  2.5
Throwing       | |  2.0

Action                   || total
-------------------------++-------
Melee: Dagger            ||    66
  Use: Scroll            ||     2
 Stab: Sleeping          ||     2
Armor: Robe              ||    12
Dodge: Dodged            ||    54

Table legend:
 A = Spawn XP
 B = Non-spawn XP
 C = Spawn XP percentage of total XP
 D = Spawn monster count
 E = Non-spawn monster count
 F = Spawn count percentage of total count
 G = Total turns spent on level
                    A         B        C        D         E        F      G
               +---------+---------+-------+---------+---------+-------+---------
         Total |       0 |      27 |   0.0 |       0 |      16 |   0.0 |   429
               +---------+---------+-------+---------+---------+-------+---------
           D:1 |       0 |      27 |   0.0 |       0 |      16 |   0.0 |   422
               +---------+---------+-------+---------+---------+-------+---------
